 Dungeon Crawl Stone Soup version 0.30-a0-347-gf58ed5266c (webtiles) character file.

Game seed: 12293530765415782813

553357 Angani the Royal Jelly (level 24, -13/224 HPs)
             Began as a White Draconian Hedge Wizard on Nov 1, 2022.
             Was the Champion of Jiyva.
             Shot with a bolt by a yaktaur captain (26 damage)
             ... on level 5 of the Vaults on Nov 5, 2022.
             The game lasted 02:38:35 (43537 turns).

Angani the Royal Jelly (DrHW)                      Turns: 43537, Time: 02:38:36

Health: -13/224    AC: 30    Str: 11    XL:     24   Next: 53%
Magic:  39/39      EV: 31    Int: 27    God:    Jiyva [******]
Gold:   1885       SH:  5    Dex: 23    Spells: 20/36 levels left

rFire   + + +      SeeInvis .    d - +5 glaive of the Guard {elec, spectral, AC+5}
rCold   + + .      Faith    .    (shield currently unavailable)
rNeg    + + +      Spirit   .    (body armour unavailable)
rPois   .          Reflect  +    b - +2 hat
rElec   .          Harm     .    Z - +1 cloak of Zuruz {Will++}
rCorr   +          Rampage  .    F - +3 pair of gauntlets of War {Slay+5}
Will    +++++                    P - +2 pair of boots {Fly}
Stlth   +++.......               E - amulet of Okawaru, Muttering {Reflect rF++ SH+5}
HPRegen 2.97/turn                n - ring of Ditacom {Ice rN+++ Will++ Str-4}
MPRegen 0.76/turn                G - ring "Peoru" {Drain rF++ rCorr Str+3 Dex+6}

@: lethally poisoned (-13 -> -14), flying, hasted, very quick
A: breathe frost, AC +12, unfitting armour, cold resistance 1, cold-blooded,
stinger 3, agile 2, clever 1, regeneration 1, acidic bite, gelatinous body 2,
translucent skin 3, jelly sensing items, jelly absorbing missiles, engulf
}: 4/15 runes: serpentine, barnacled, slimy, abyssal
a: Breathe Frost, Renounce Religion, Oozemancy, Slimify


You were on level 5 of the Vaults.
You worshipped Jiyva.
Jiyva was exalted by your worship.
You visited 10 branches of the dungeon, and saw 49 of its levels.
You visited the Abyss 2 times.
You visited 1 bazaar.
You also visited: Sewer, Bailey and Gauntlet.

You collected 4074 gold pieces.
You spent 2189 gold pieces at shops.

Inventory:

Hand Weapons
 d - the +5 glaive of the Guard (weapon) {elec, spectral, AC+5}
   (You found it on level 5 of the Pits of Slime)

   It occasionally discharges a powerful burst of electricity upon striking a
   foe.
   When it strikes, its spirit leaps out and fights alongside the wielder.
   AC:        It affects your AC (+5).
Missiles
 u - 13 throwing nets
Armour
 b - a +2 hat (worn)
 F - the +3 pair of gauntlets of War (worn) {Slay+5}
   (You bought it in a shop in a bazaar)

   Slay:      It affects your accuracy & damage with ranged weapons and melee
   (+5).
 P - a +2 pair of boots of flying (worn)
 X - a scarf of resistance
 Y - the +2 hat of the Bear Spirit {Spirit, *Rage Will++}
   (You found it on level 5 of the Pits of Slime)

   Going berserk makes the wearer tougher, and they're slowed less afterward.
   *Rage:     It berserks you when you make melee attacks (+20% chance).
   Will:      It greatly increases your willpower.
 Z - the +1 cloak of Zuruz (worn) {Will++}
   (You found it on level 5 of the Pits of Slime)

   Will:      It greatly increases your willpower.
Jewellery
 e - a ring of see invisible
 n - the ring of Ditacom (left hand) {Ice rN+++ Will++ Str-4}
   (You took it off Josephina on level 2 of the Vaults)

   [ring of ice]

   It enhances your ice magic.
   Str:       It affects your strength (-4).
   rF:        It makes you vulnerable to fire.
   rC:        It protects you from cold.
   rN:        It renders you almost immune to negative energy.
   Will:      It greatly increases your willpower.
 p - an amulet of regeneration
 y - the ring of Jalis {rElec Will+++ rCorr Str-2 Stlth+}
   (You found it in a Gauntlet)

   [ring of resist corrosion]

   Str:       It affects your strength (-2).
   rElec:     It insulates you from electricity.
   rCorr:     It protects you from acid and corrosion.
   Will:      It greatly increases your willpower.
   Stlth:     It makes you more stealthy.
 z - the ring of the Orange Skies {AC+4 Str-2 Int+10}
   (You found it on level 2 of the Crypt)

   [ring of protection]

   AC:        It affects your AC (+4).
   Str:       It affects your strength (-2).
   Int:       It affects your intelligence (+10).
 E - the amulet of Okawaru, Muttering (around neck) {Reflect rF++ SH+5}
   (You took it off a deep elf annihilator on level 3 of the Elven Halls)

   [amulet of reflection]

   It reflects blocked missile attacks.
   rF:        It greatly protects you from fire.
   SH:        It affects your SH (+5).
 G - the ring "Peoru" (right hand) {Drain rF++ rCorr Str+3 Dex+6}
   (You found it on level 1 of the Lair of Beasts)

   [ring of dexterity]

   Str:       It affects your strength (+3).
   Dex:       It affects your dexterity (+6).
   rF:        It greatly protects you from fire.
   rCorr:     It protects you from acid and corrosion.
   Drain:     It drains your maximum health when unequipped.
 U - the ring "Parikaic" {Drain EV+4 Str+8 Int+3}
   (You found it on level 5 of the Pits of Slime)

   [ring of evasion]

   EV:        It affects your evasion (+4).
   Str:       It affects your strength (+8).
   Int:       It affects your intelligence (+3).
   Drain:     It drains your maximum health when unequipped.
Wands
 r - a wand of iceblast (8)
 v - a wand of acid (7)
 A - a wand of mindburst (58)
 O - a wand of digging (14)
Scrolls
 f - 2 scrolls of immolation
 g - 9 scrolls of magic mapping
 k - 4 scrolls of brand weapon
 m - 4 scrolls of amnesia
 s - 5 scrolls of enchant armour
 w - 4 scrolls of poison
 x - 4 scrolls of torment
 H - 5 scrolls of vulnerability
 I - a scroll of summoning
 J - 7 scrolls of teleportation
 L - a scroll of fear
 R - 2 scrolls of silence
 T - 4 scrolls of enchant weapon
Potions
 a - 4 potions of lignification
 c - 2 potions of magic
 i - 4 potions of berserk rage
 j - 4 potions of brilliance
 o - 4 potions of curing
 q - 3 potions of cancellation
 B - 3 potions of ambrosia
 C - 4 potions of resistance
 D - 6 potions of might
 M - 3 potions of mutation
 Q - a potion of invisibility
 W - a potion of haste
Miscellaneous
 h - a lightning rod (4/4)
 l - a box of beasts
 t - a phantom mirror
 K - a condenser vane
 S - a phial of floods


   Skills:
 - Level 20.0 Fighting
 - Level 20.0 Polearms
 - Level 20.0 Dodging
 - Level 1.7 Stealth
 - Level 6.6 Spellcasting
 - Level 8.4 Conjurations
 - Level 1.0 Summonings
 - Level 1.0 Translocations
 - Level 8.6 Transmutations
 - Level 8.6 Air Magic
 - Level 12.6 Poison Magic
 + Level 25.1 Invocations


You had 20 spell levels left.
You knew the following spells:

 Your Spells              Type           Power      Damage    Failure   Level
a - Magic Dart            Conj           100%       1d8       1%          1
c - Olgreb's Toxic Radia  Pois           67%        N/A       1%          4
d - Mephitic Cloud        Conj/Pois/Air  58%        N/A       1%          3
e - Blink                 Tloc           28%        N/A       6%          2
f - Gell's Gravitas       Tloc           14%        N/A       12%         3
g - Ozocubu's Armour      Ice            13%        N/A       19%         3

Your spell library contained the following spells:

 Spells                   Type           Power      Damage    Failure   Level
 Kiss of Death            Conj/Necr      100%       2d13      1%          1
 Sting                    Tmut/Pois      100%       1d8       1%          1
 Cigotuvi's Dreadful Rot  Necr/Pois/Air  94%        N/A       1%          2
 Momentum Strike          Conj/Tloc      68%        3d9       1%          2
 Passwall                 Tmut/Erth      26%        N/A       1%          2
 Poisonous Vapours        Pois/Air       100%       N/A       1%          2
 Searing Ray              Conj           100%       2d8       1%          2
 Spider Form              Tmut/Pois      60%        N/A       1%          3
 Vhi's Electric Charge    Tloc/Air       70%        N/A       2%          3
 Stone Arrow              Conj/Erth      62%        3d10      3%          3
 Apportation              Tloc           28%        N/A       4%          1
 Summon Small Mammal      Summ           56%        N/A       4%          1
 Kindle Blastsparks       Fire/Tloc/Air  52%        2d14      4%          3
 Iskenderun's Battlesphe  Conj           53%        2d10      5%          5
 Necrotise                Necr           32%        1d5       6%          1
 Sandblast                Erth           16%        2d6       6%          1
 Slow                     Hex            32%        N/A       6%          1
 Call Imp                 Summ           14%        N/A       6%          2
 Summon Lightning Spire   Summ/Air       35%        N/A       9%          4
 Scorch                   Fire           16%        2d6       10%         2
 Sublimation of Blood     Necr           8%         N/A       10%         2
 Flame Wave               Conj/Fire      31%        2d9       11%         4
 Fulminant Prism          Conj/Hex       15%        3d11      11%         4
 Petrify                  Tmut/Erth      32%        N/A       11%         4
 Sticky Flame             Conj/Fire      31%        2d5       11%         4
 Lesser Beckoning         Tloc           28%        N/A       12%         3
 Teleport Other           Tloc           14%        N/A       12%         3
 Confusing Touch          Hex            8%         N/A       19%         3
 Inner Flame              Hex/Fire       8%         N/A       19%         3
 Silence                  Hex/Air        16%        N/A       28%         5
 Yara's Violent Unravell  Hex/Tmut       16%        3d8       28%         5
 Conjure Ball Lightning   Conj/Air       26%        3x3d7     28%         6
 Manifold Assault         Tloc           14%        N/A       38%         4
 Passage of Golubria      Tloc           14%        N/A       38%         4
 Summon Ice Beast         Ice/Summ       17%        N/A       45%         4
 Animate Dead             Necr           8%         N/A       52%         4
 Dispel Undead            Necr           8%         3d8       52%         4
 Leda's Liquefaction      Hex/Erth       4%         N/A       52%         4
 Summon Forest            Summ/Tloc      7%         N/A       75%         5
 Summon Mana Viper        Hex/Summ       11%        N/A       80%         5
 Storm Form               Tmut/Air       26%        N/A       83%         7
 Borgnjor's Vile Clutch   Necr/Erth      4%         N/A       86%         5
 Metabolic Englaciation   Hex/Ice        6%         N/A       86%         5
 Iron Shot                Conj/Erth      15%        9d4       86%         6
 Dispersal                Tloc           7%         N/A       99%         6
 Summon Cactus Giant      Summ           7%         N/A       99%         6
 Death Channel            Necr           4%         N/A       100%        6
 Simulacrum               Ice/Necr       6%         N/A       100%        6
 Enfeeble                 Hex            4%         N/A       100%        7
 Haunt                    Necr/Summ      5%         N/A       100%        7
 Spellforged Servitor     Conj/Summ      17%        N/A       100%        7
 Borgnjor's Revivificati  Necr           4%         N/A       100%        8
 Discord                  Hex            4%         N/A       100%        8
 Disjunction              Tloc           7%         N/A       100%        8
 Lehudib's Crystal Spear  Conj/Erth      15%        10d5      100%        8
 Maxwell's Capacitive Co  Air            26%        ∞         100%        8
 Shatter                  Erth           4%         3d7*      100%        9
 Animate Armour           Summ/Erth      Unusable   N/A       N/A         4

Dungeon Overview and Level Annotations

Branches:
Dungeon (15/15)            Temple (0/1) D:5            Lair (4/5) D:8
 Shoals (4/4) Lair:2        Snake (4/4) Lair:3        Slime (5/5) Lair:4
    Orc (2/2) D:11            Elf (3/3) Orc:2        Vaults (5/5) D:13
  Crypt (3/3) Vaults:2       Tomb (0/3) Crypt:3      Depths (4/4) D:15
    Zot (0/5) Depths:4      Sewer (visited)          Bailey (visited)
Gauntlet (visited)

Altars:
Ashenzari
Dithmenos
Fedhas
Gozag
Hepliaklqana
Kikubaaqudgha
Nemelex Xobeh
Okawaru
Qazlal
Ru
Sif Muna
Vehumet
Xom
Yredelemnul
Jiyva

Shops:
D:6 ?[   D:9 *   Orc:2 (((?:   Elf:3 =   Snake:1 *   Vaults:3 *
Depths:1 *(([[   Depths:4 (=:=[

Portals:
Hell: Depths:1 Depths:2 Depths:3 Depths:4
Abyss: Depths:3
Pandemonium: Depths:2 Depths:4
Ziggurat: Depths:1

Annotations:
D:10 2 transporters, Notanamesir's ghost, journeyman OgCA
Slime:5 Royal Jelly
Elf:2 3 runed translucent doors
Elf:3 1 exclusion


Innate Abilities, Weirdness & Mutations

You can breathe waves of freezing cold which knock back foes.
Your icy white scales are hard. (AC +12)
You cannot fit into any form of body armour.
Your flesh is cold resistant. (rC+)
You are cold-blooded and may be slowed by cold attacks.
Your tail ends in a wickedly sharp and venomous barb.
You are very agile. (Dex +8, Str/Int -2)
Your mind is acute. (Int +4, Str/Dex -1)
Your natural rate of healing is unusually fast.
You have acidic saliva.
Your pliable body absorbs attacks. (AC +2, EV +2)
Your transparent skin significantly reduces your foes' accuracy. (Stealth+)
You have a small jelly attached to you that senses nearby items.
You have a small jelly attached to you that may absorb projectiles.
Your melee attacks may engulf your foes in ooze.


Message History

Unknown command.
You slash the yaktaur captain!
Lightning courses through the yaktaur captain!
You tail-slap the yaktaur captain.
The yaktaur captain is moderately wounded.
Your +5 glaive of the Guard {elec, spectral, AC+5} hits the yaktaur captain from afar!
The tengu reaver casts a spell at you. The bolt of poison hits you!!!
You are poisoned.
* * * LOW HITPOINT WARNING * * *
You block the stone giant's attack.
Unknown command.
As you read the scroll of fear, it crumbles to dust.
You assume a fearsome visage.
The yaktaur captain resists with almost no effort.
The ironbound convoker looks frightened!
The tengu reaver resists with some effort.
The stone giant looks frightened!
You feel very sick. The yaktaur captain hits you!
* * * LOW HITPOINT WARNING * * *
The tengu reaver completely misses you.
The tengu reaver pecks you but does no damage.
The tengu reaver completely misses you.
The stone giant nearly stumbles in trying to escape.
Unknown command.
You feel yourself speed up.
You feel very sick.
The yaktaur captain hits you but does no damage.
The tengu reaver hits you with a +5 battleaxe of venom.
* * * LOW HITPOINT WARNING * * *
You are more poisoned.
The tengu reaver pecks you but does no damage.
The tengu reaver claws you but does no damage.
The stone giant howls, "Help!"
Unknown command.
You feel very sick.
The yaktaur captain wields a +0 arbalest.
The yaktaur captain shoots a bolt.
The bolt hits you!!
You die...

#....# .......... #....#
..##...).. #....#
##..... #.p))# ..#
#..... #...C# ... ##....
#..).##.. ###.#
#Qc..#..# # .....
#....#..# .## .....
#..@†#..##...# ###.#
..#....#........ ..
#............# ..
##........#############
.......................
........................
########################


You could see a stone giant (fleeing), a tengu reaver, a yaktaur captain and an
ironbound convoker (fleeing).

Vanquished Creatures
  A dread lich (Vaults:5)
  3 ancient liches
  2 royal mummies
  Bai Suzhen (Vaults:4)
  Josephina (Vaults:2)
  Boris (5 times) (Vaults:4 Crypt:2 Crypt:3 Depths:3 Depths:4)
  5 caustic shrikes
  A curse toe (Crypt:3)
  Vashnia (Snake:4)
  Xtahua (Vaults:4)
  3 golden dragons (Depths:4)
  3 doom hounds
  A shard shrike zombie (Crypt:2)
  4 bone dragons
  A hellephant (Abyss:3)
  Jorgrun (Shoals:1)
  4 tentacled monstrosities
  3 liches
  Grunn (Crypt:1)
  A quicksilver dragon (Depths:4)
  3 deep elf master archers (Elf:3)
  A deep elf blademaster (Elf:3)
  5 tentacled starspawn (Abyss:3)
  4 titans (Vaults:5)
  6 ancient champions
  Frances (Shoals:1)
  2 krakens
  7 sphinxes
  A draconian monk (Depths:4)
  Agnes (Snake:4)
  2 shadow dragons (Vaults:5)
  3 storm dragons
  10 nagarajas
  A draconian knight (Depths:4)
  3 tengu reavers
  The ghost of Tyfadda the Alchemist, an adept FeCj of Gozag (Depths:4)
  7 revenants
  4 fire giants
  13 vault wardens
  11 deep elf sorcerers
  2 ghouls
  3 curse skulls
  Aizul (Snake:1)
  7 frost giants
  2 deep elf elementalists (Elf:3)
  2 reapers (Crypt:1)
  4 war gargoyles
  A balrug (Depths:1)
  13 ironbound preservers
  An orc warlord (Orc:1)
  A caustic shrike skeleton (Crypt:3)
  24 very ugly things
  A juggernaut skeleton (Crypt:2)
  18 stone giants
  7 ironbound thunderhulks
  10 vampire knights
  A green draconian (Depths:4)
  A red draconian (Depths:4)
  A yellow draconian (Depths:4)
  7 deep elf demonologists
  10 deep elf annihilators
  4 purple draconians (Depths:4)
  2 putrid mouths (Crypt:1)
  8 dire elephants
  8 spark wasps
  2 blizzard demons
  8 deep elf death magi
  4 eidola
  3 merfolk javelineers
  8 ettins
  5 fire dragons
  10 jiangshi
  13 yaktaur captains
  2 mummy priests (Depths:3)
  3 entropy weavers (Vaults:2)
  11 deep elf high priests
  2 crystal guardians (Vaults:3)
  2 merfolk impalers (Shoals:4)
  A shambling mangrove (Abyss:3)
  2 hydras
  36 vault guards
  A fenstrider witch zombie (Crypt:3)
  2 rakshasas
  5 salamander tyrants
  3 peacekeepers
  Harold (D:10)
  6 ice dragons
  An ogre mage (D:13)
  Erica (D:8)
  13 anacondas
  2 spriggan skeletons
  2 hell beasts
  8 boulder beetles
  3 merfolk avatars
  A death knight (Crypt:1)
  12 centaur warriors
  10 ironbound frosthearts
  9 dancing weapons
  2 merfolk aquamancers
  A spriggan air mage (Depths:4)
  3 deep troll shamans
  4 satyrs
  6 two-headed ogres
  10 vampire magi
  4 tengu warriors
  22 naga sharpshooters
  4 death yaks (Lair:4)
  A hell hog (Depths:2)
  32 naga warriors
  6 spriggan berserkers
  3 deep troll earth magi
  3 orc high priests (Orc:2)
  5 shock serpents
  3 soul eaters
  12 hell knights
  2 spriggans (Depths:4)
  3 sun demons
  6 thrashing horrors (Abyss:3)
  Sonja (D:13)
  Urug (Lair:3)
  12 deep elf knights
  3 iron trolls (Depths:4)
  4 wretched stars
  A fire crab (Abyss:3)
  A golden dragon zombie (Depths:2)
  9 skeletal warriors
  2 sixfirhies
  10 salamander mystics
  A shadow wraith (Crypt:3)
  32 deep trolls
  7 flayed ghosts
  2 spatial maelstroms (Abyss:3)
  10 sea snakes
  A bog body (Crypt:3)
  25 harpies
  5 starcursed masses
  10 naga ritualists
  11 deep elf archers
  A stone giant zombie (Crypt:3)
  11 lindwurms
  Pikel (D:9)
  2 iron giant skeletons
  16 ironbound convokers
  7 wizards
  A tengu zombie (Vaults:2)
  25 deep elf zephyrmancers
  12 phantasmal warriors
  10 orc knights
  11 necromancers
  An oklob plant (Lair:4)
  A cyclops (shapeshifter) (Elf:2)
  An eleionoma zombie (Crypt:3)
  9 fauns
  29 deep elf pyromancers
  10 mana vipers
  6 orc sorcerers
  43 ugly things
  3 worldbinders
  8 merfolk sirens
  44 salamanders
  16 manticores
  Maurice (D:13)
  4 cyclopes
  8 guardian serpents
  A rust devil (Depths:2)
  27 naga magi
  43 black mambas
  8 elephants
  A frost giant skeleton (Depths:2)
  An iron dragon skeleton (Crypt:3)
  2 apocalypse crabs (Abyss:3)
  9 vault sentinels
  An ice statue (Gauntlet)
  2 water nymphs
  A centaur skeleton (Crypt:2)
  A fire giant skeleton (Depths:2)
  3 smoke demons
  5 cane toads
  A minotaur zombie (Crypt:1)
  Maggie (D:8)
  An unseen horror (D:12)
  A kobold demonologist (D:12)
  A sea snake zombie (Crypt:1)
  Psyche (D:8)
  A green draconian zombie (Crypt:3)
  2 hellwings (Depths:4)
  2 komodo dragons
  An efreet (Abyss:3)
  A freezing wraith (Vaults:5)
  4 rime drakes
  8 trolls
  2 ancient zymes
  4 tormentors
  5 ice devils (D:13)
  4 tengu conjurers
  10 yaktaurs
  18 merfolk
  2 minotaur skeletons
  A yaktaur skeleton (Vaults:2)
  7 guardian mummies
  2 red devils
  2 tyrant leeches (Abyss:3)
  3 meliai (D:15)
  A polar bear (Lair:3)
  A tengu simulacrum (Vaults:2)
  Prince Ribbit (D:9)
  2 meliai (shapeshifter)
  A white draconian skeleton (Crypt:3)
  A tarantella (shapeshifter) (D:14)
  5 wind drakes
  Grinder (D:3)
  5 hornets
  7 raiju (Abyss:3)
  A harpy skeleton (Abyss:3)
  A guardian serpent zombie (Crypt:2)
  7 blink frogs
  2 snapping turtles
  6 flying skulls (Crypt:3)
  5 wyverns
  2 shadows
  2 air elementals (Elf:1)
  2 culicivoras (Vaults:2)
  18 water elementals
  A naga simulacrum (Crypt:1)
  Eustachio (D:4)
  4 ynoxinuls (D:13)
  8 wraiths
  2 fire bats (Abyss:3)
  41 yaks
  4 chaos spawn
  A dire elephant simulacrum (Abyss:3)
  A yaktaur simulacrum (Vaults:2)
  13 vampire mosquitoes
  5 neqoxecs
  3 steam dragons
  3 fire elementals (Elf:3)
  4 redbacks (Vaults:2)
  A spatial vortex (Abyss:3)
  63 nagas
  2 harpy simulacra
  A two-headed ogre zombie (Crypt:1)
  10 large abominations
  5 wargs
  15 water moccasins
  A glowing shapeshifter skeleton (Depths:2)
  A cane toad skeleton (Crypt:3)
  4 ice beasts
  2 lindwurm zombies
  29 orc warriors
  A deep troll skeleton (Crypt:1)
  2 sky beasts
  An ettin simulacrum (Crypt:1)
  5 black bears
  A black bear (shapeshifter) (D:13)
  6 ogres
  8 wolves
  6 centaurs
  2 dream sheep skeletons
  3 boggarts (Gauntlet)
  A manticore skeleton (Crypt:2)
  A rime drake zombie (Crypt:1)
  A phantom (D:4)
  3 human zombies
  6 kobold brigands
  A lemure (D:9)
  An elf zombie (Crypt:2)
  9 bullfrogs
  2 gnoll sergeants
  11 small abominations
  5 earth elementals
  3 necrophages
  3 scorpions
  A glowing shapeshifter simulacrum (Vaults:2)
  3 wights (D:7)
  A cyclops zombie (Crypt:2)
  16 killer bees
  A yak skeleton (Crypt:1)
  An electric eel (Lair:3)
  7 howler monkeys
  A bullfrog zombie (Crypt:3)
  2 lava snakes (Snake:4)
  6 hounds
  16 orc priests
  4 iguanas
  An iron imp (Abyss:2)
  2 gnoll boudas (D:6)
  Terence (D:3)
  3 human skeletons (Crypt:1)
  26 orc wizards
  Natasha (twice) (D:2)
  3 mummies (Crypt:1)
  26 gnolls
  8 adders
  A river rat (D:5)
  A shadow imp (D:7)
  3 white imps
  3 ufetubi
  4 worms
  2 dart slugs
  50 orcs
  2 giant cockroaches
  10 goblins
  13 hobgoblins
  8 jackals
  4 quokkas
  5 ball pythons
  A ball python skeleton (Crypt:2)
  7 bats
  2 frilled lizards (D:1)
  A frilled lizard skeleton (Crypt:3)
  29 kobolds
  7 rats
  A spectral hobgoblin (D:7)
  2 starspawn tentacles (Abyss:3)
  7 tentacles
1883 creatures vanquished.

Vanquished Creatures (collateral kills)
  A royal mummy (Depths:3)
  Nikola (Snake:4)
  A lich (Crypt:3)
  2 deep elf annihilators (Elf:3)
  A deep elf death mage (Elf:3)
  A merfolk aquamancer (Shoals:4)
  A sea snake (Shoals:4)
  A naga ritualist (Snake:4)
  A deep elf zephyrmancer (Elf:3)
  A mana viper (Snake:4)
  A vault sentinel (Vaults:5)
  A water nymph (Shoals:4)
  A red devil (Depths:4)
  A water elemental (Shoals:4)
  A neqoxec (Depths:4)
16 creatures vanquished.

Vanquished Creatures (others)
  A tentacled monstrosity (Abyss:3)
  An acid blob (Snake:4)
  A lich (Vaults:1)
  A deep elf elementalist (Elf:3)
  2 ironbound preservers (Vaults:5)
  A deep elf death mage (Elf:3)
  An ettin (shapeshifter) (Abyss:2)
  4 great orbs of eyes
  A naga warrior (Snake:4)
  A steelbarb worm (shapeshifter) (Vaults:5)
  4 glowing orange brains
  A swamp dragon (shapeshifter) (Abyss:2)
  An ironbound convoker (Vaults:4)
  A necromancer (Crypt:2)
  2 wizards
  An orc knight (Vaults:2)
  An ugly thing (Vaults:3)
  A cyclops (D:14)
  A merfolk siren (Shoals:4)
  A titan simulacrum (Crypt:1)
  A naga mage (Snake:2)
  A yaktaur (Vaults:3)
  A komodo dragon (D:8)
  20 slime creatures
  An air elemental (Elf:3)
  A water elemental (Elf:3)
  A harpy simulacrum (Crypt:1)
  3 water moccasins
  2 orc warriors
  An ogre (D:5)
  2 centaurs
  4 bullfrogs
  A scorpion (D:6)
  A killer bee (D:10)
  2 starcursed masses (Abyss:3)
  A hound (D:4)
  An orc priest (D:5)
  249 jellies
  3 iguanas
  Natasha (D:2)
  4 orc wizards
  2 gnolls
  A howler monkey skeleton (Crypt:3)
  4 adders
  A shadow imp (D:6)
  2 worms
  2 endoplasms
  7 orcs
  A bat (D:2)
  3 hobgoblins
  A jackal (D:6)
  A ball python (D:2)
  A frilled lizard (D:2)
  2 goblins
  2 kobolds
  A rat (D:1)
  76 fungi
  A lurking horror (Abyss:3)
  171 plants
  7 starspawn tentacles (Abyss:3)
  5 tentacles
  4 withered plants (D:4)
624 creatures vanquished.

Grand Total: 2523 creatures vanquished

Notes
Turn   | Place    | Note
-------+----------+-------------------------------------------
     0 | D:1      | Angani the Draconian Hedge Wizard began the quest for the
                  | Orb.
     0 | D:1      | Reached XP level 1. HP: 14/14 MP: 4/4
   230 | D:1      | Found a faded altar of an unknown god.
   237 | D:1      | Prayed at the altar of an unknown god.
   237 | D:1      | Became a worshipper of Jiyva Jeux the Shapeless
   237 | D:1      | Reached * piety under Jiyva
   579 | D:1      | Reached ** piety under Jiyva
   593 | D:1      | Reached XP level 2. HP: 20/20 MP: 4/6
   966 | D:2      | Noticed Natasha
   973 | D:2      | Killed Natasha
   974 | D:2      | Reached XP level 3. HP: 26/26 MP: 8/8
  1071 | D:2      | Noticed Natasha
  1081 | D:2      | Killed Natasha
  1082 | D:2      | Reached XP level 4. HP: 20/33 MP: 9/9
  1135 | D:2      | Found a shimmering altar of Xom.
  1139 | D:2      | Killed Natasha
  1299 | D:3      | Reached *** piety under Jiyva
  1353 | D:3      | Noticed Grinder
  1378 | D:3      | Gained mutation: You have supernaturally acute eyesight.
                  | (SInv) [Jiyva's grace]
  1378 | D:3      | Gained mutation: Your large and strong wings let you fly.
                  | [Jiyva's grace]
  1378 | D:3      | Gained mutation: Your body has grown eyes which may confuse
                  | attackers. (Acc +3) [Jiyva's grace]
  1378 | D:3      | Gained mutation: Your body has grown many eyes which may
                  | confuse attackers. (Acc +5) [Jiyva's grace]
  1569 | D:3      | Found a shimmering blue altar of Sif Muna.
  1684 | D:3      | Noticed Terence
  1878 | D:3      | Killed Terence
  2006 | D:3      | Paralysed by Grinder for 5 turns
  2007 | D:3      | Killed Grinder
  2008 | D:3      | Reached XP level 5. HP: 38/38 MP: 9/11
  2153 | D:4      | Reached skill level 5 in Conjurations
  2153 | D:4      | Reached XP level 6. HP: 45/45 MP: 7/12
  2350 | D:4      | Reached **** piety under Jiyva
  2402 | D:4      | Reached skill level 5 in Spellcasting
  2402 | D:4      | Your scales start taking on an icy white colour.
  2402 | D:4      | Reached XP level 7. HP: 50/50 MP: 9/14
  2402 | D:4      | Gained mutation: Your flesh is cold resistant. (rC+) [White
                  | Draconian growth]
  2485 | D:4      | Noticed Eustachio
  2497 | D:4      | Killed Eustachio
  2564 | D:4      | Found an ancient bone altar of Kikubaaqudgha.
  2567 | D:4      | Found a blossoming altar of Fedhas.
  2944 | D:5      | Entered Level 5 of the Dungeon
  3116 | D:5      | Found a broken altar of Ashenzari.
  3171 | D:5      | Reached XP level 8. HP: 54/57 MP: 16/16
  3289 | D:5      | Found a glowing drain.
  3294 | Sewer    | Entered a sewer
  3521 | D:5      | Found a staircase to the Ecumenical Temple.
  3744 | D:6      | Lost mutation: Your large and strong wings let you fly.
                  | [Jiyva's grace]
  3744 | D:6      | Gained mutation: Your muscles are strong. (Str +4, Int/Dex
                  | -1) [Jiyva's grace]
  3744 | D:6      | Gained mutation: Your muscles are very strong. (Str +8,
                  | Int/Dex -2) [Jiyva's grace]
  3744 | D:6      | Gained mutation: Your melee attacks may engulf your foes in
                  | ooze. [Jiyva's grace]
  3744 | D:6      | Gained mutation: You expend magic power (3 MP) to
                  | strengthen your wands. [Jiyva's grace]
  3801 | D:6      | Reached skill level 1 in Fighting
  4001 | D:6      | Reached XP level 9. HP: 13/71 MP: 18/18
  4195 | D:6      | Found Qaexeur's Magic Scroll Shoppe.
  4203 | D:6      | Bought a scroll of fog for 44 gold pieces
  4203 | D:6      | Bought a scroll of enchant armour for 82 gold pieces
  4203 | D:6      | Bought 2 scrolls of poison for 88 gold pieces
  4320 | D:6      | Found Ucaonuim's Antique Armour Emporium.
  4668 | D:7      | Found a hazy altar of Hepliaklqana.
  4732 | D:7      | Reached skill level 5 in Fighting
  4750 | D:7      | Noticed a troll
  4757 | D:7      | Killed a troll
  4758 | D:7      | Reached skill level 5 in Dodging
  4849 | D:7      | Found a stormy altar of Qazlal.
  5272 | D:8      | Noticed Erica
  5305 | D:8      | Found a basalt altar of Yredelemnul.
  5338 | D:7      | Reached XP level 10. HP: 50/88 MP: 19/19
  5466 | D:8      | Noticed Maggie
  5489 | D:8      | Killed Maggie
  5632 | D:8      | Found a staircase to the Lair.
  5676 | Lair:1   | Entered Level 1 of the Lair of Beasts
  5736 | Lair:1   | Lost mutation: You expend magic power (3 MP) to strengthen
                  | your wands. [Jiyva's grace]
  5736 | Lair:1   | Gained mutation: Your translucent skin slightly reduces
                  | your foes' accuracy. (Stealth+) [Jiyva's grace]
  5736 | Lair:1   | Gained mutation: Your translucent skin reduces your foes'
                  | accuracy. (Stealth+) [Jiyva's grace]
  5736 | Lair:1   | Gained mutation: Your transparent skin significantly
                  | reduces your foes' accuracy. (Stealth+) [Jiyva's grace]
  5736 | Lair:1   | Gained mutation: Your rubbery body absorbs attacks. (AC +1,
                  | EV +1) [Jiyva's grace]
  5757 | Lair:1   | Learned a level 7 spell: Storm Form
  5795 | Lair:1   | Reached skill level 1 in Transmutations
  5795 | Lair:1   | Reached skill level 1 in Air Magic
  5952 | Lair:1   | Learned a level 4 spell: Olgreb's Toxic Radiance
  6148 | Lair:1   | Identified the ring "Peoru" {Drain rF++ rCorr Str+3 Dex+6}
  6286 | Lair:1   | Reached skill level 1 in Poison Magic
  6403 | Lair:1   | Noticed an elephant
  6403 | Lair:1   | Noticed an elephant
  6429 | Lair:1   | Killed an elephant
  6440 | Lair:1   | Killed an elephant
  6487 | Lair:2   | Noticed a cane toad
  6487 | Lair:2   | Found a staircase to the Shoals.
  6528 | Lair:2   | Noticed a cane toad
  6538 | Lair:1   | Reached XP level 11. HP: 83/97 MP: 20/20
  6772 | Lair:2   | Reached skill level 5 in Poison Magic
  6925 | Lair:2   | HP: 4/97 [cane toad (9)]
  7229 | Lair:2   | Reached ***** piety under Jiyva
  7524 | Lair:3   | Noticed Urug
  7532 | Lair:3   | Killed Urug
  7618 | Lair:3   | Reached skill level 5 in Transmutations
  7618 | Lair:3   | Reached skill level 5 in Air Magic
  7916 | Lair:3   | Lost mutation: Your body has grown many eyes which may
                  | confuse attackers. (Acc +5) [Jiyva's grace]
  7916 | Lair:3   | Lost mutation: Your rubbery body absorbs attacks. (AC +1,
                  | EV +1) [Jiyva's grace]
  7916 | Lair:3   | Lost mutation: Your transparent skin significantly reduces
                  | your foes' accuracy. (Stealth+) [Jiyva's grace]
  7916 | Lair:3   | Lost mutation: Your translucent skin reduces your foes'
                  | accuracy. (Stealth+) [Jiyva's grace]
  7916 | Lair:3   | Lost mutation: Your melee attacks may engulf your foes in
                  | ooze. [Jiyva's grace]
  7916 | Lair:3   | Gained mutation: You are agile. (Dex +4, Str/Int -1)
                  | [Jiyva's grace]
  7916 | Lair:3   | Gained mutation: You are very agile. (Dex +8, Str/Int -2)
                  | [Jiyva's grace]
  7916 | Lair:3   | Gained mutation: Your mind is acute. (Int +4, Str/Dex -1)
                  | [Jiyva's grace]
  7916 | Lair:3   | Gained mutation: Your mind is very acute. (Int +8, Str/Dex
                  | -2) [Jiyva's grace]
  8074 | Lair:3   | Found a staircase to the Snake Pit.
  8587 | Lair:4   | Noticed an oklob plant
  8587 | Lair:4   | Noticed a death yak
  8587 | Lair:4   | Noticed a death yak
  8587 | Lair:4   | Noticed a death yak
  8587 | Lair:4   | Noticed a death yak
  8721 | Lair:4   | Reached XP level 12. HP: 94/104 MP: 12/21
  8890 | Lair:4   | Killed a death yak
  8890 | Lair:4   | Killed a death yak
  8894 | Lair:4   | Killed a death yak
  8898 | Lair:4   | Killed a death yak
  9132 | Lair:4   | Found a staircase to the Slime Pits.
  9377 | Slime:1  | Entered Level 1 of the Pits of Slime
  9387 | Slime:3  | Noticed a rockslime
  9391 | Slime:3  | Noticed an acid blob
  9437 | Slime:4  | Noticed an acid blob
  9454 | Slime:5  | Entered Level 5 of the Pits of Slime
  9491 | Slime:5  | Noticed an acid blob
  9499 | Slime:5  | Noticed the Royal Jelly
  9507 | Slime:5  | Noticed a quicksilver ooze
  9531 | Slime:5  | Noticed a quicksilver ooze
  9537 | Slime:5  | Noticed a great orb of eyes
  9545 | Slime:5  | Noticed an acid blob
  9579 | Slime:5  | Noticed a quicksilver ooze
  9589 | Slime:5  | Noticed a quicksilver ooze
  9613 | Slime:5  | Noticed an acid blob
  9613 | Slime:5  | Noticed an acid blob
  9614 | Slime:5  | Found a viscous altar of Jiyva.
  9630 | Slime:5  | Noticed an azure jelly
  9656 | Slime:5  | Found the +2 hat of the Bear Spirit {Spirit, *Rage Will++}
  9656 | Slime:5  | Found the +5 glaive of the Guard {elec, spectral, AC+5}
  9658 | Slime:5  | Found the +8 frozen axe "Frostbite" {freezing cloud, *Noise
                  | Fly rC+}
  9720 | Slime:4  | Noticed a quicksilver ooze
  9734 | Slime:3  | Noticed an azure jelly
  9820 | Snake:1  | Entered Level 1 of the Snake Pit
 10363 | Shoals:1 | Entered Level 1 of the Shoals
 10459 | Shoals:1 | Noticed a merfolk aquamancer
 10570 | D:8      | Noticed Psyche
 10579 | D:8      | Killed Psyche
 10580 | D:8      | Reached skill level 10 in Poison Magic
 10705 | D:8      | Killed Erica
 10732 | D:9      | Gained mutation: Your rubbery body absorbs attacks. (AC +1,
                  | EV +1) [Jiyva's grace]
 10732 | D:9      | Gained mutation: Your pliable body absorbs attacks. (AC +2,
                  | EV +2) [Jiyva's grace]
 10732 | D:9      | Gained mutation: Your gelatinous body deflects attacks. (AC
                  | +3, EV +3) [Jiyva's grace]
 10732 | D:9      | Gained mutation: You have an increased reservoir of magic.
                  | (+10% MP) [Jiyva's grace]
 10762 | D:9      | Identified a scroll of acquirement
 10762 | D:9      | Acquired the ring of the Median {rC+ rN+ Str+9}
 10778 | D:9      | Found Nuon's Demolitions Depot.
 10947 | D:9      | Found a shadowy altar of Dithmenos.
 10962 | D:9      | Noticed Prince Ribbit
 10974 | D:9      | Killed Prince Ribbit
 11037 | D:9      | Found a flagged portal.
 11054 | Bailey   | Entered a bailey
 11318 | D:9      | Noticed Pikel
 11331 | D:9      | Killed Pikel
 11371 | D:9      | Found a runed translucent door.
 11375 | D:9      | Noticed a four-headed hydra
 11376 | D:9      | Reached ****** piety under Jiyva
 11391 | D:9      | Killed a four-headed hydra
 11487 | D:9      | Found a sacrificial altar of Ru.
 11815 | D:10     | Entered Level 10 of the Dungeon
 11861 | D:10     | Noticed a centaur warrior
 11894 | D:10     | Reached XP level 13. HP: 111/111 MP: 21/24
 12066 | D:10     | Found the +1 robe of Vines {NoPotionHeal Regen++++}
 12300 | Slime:3  | Noticed a quicksilver ooze
 12314 | Slime:5  | Noticed an azure jelly
 12317 | Slime:5  | Noticed an acid blob
 12317 | Slime:5  | Noticed an acid blob
 12338 | Slime:5  | Identified the ring "Parikaic" {Drain EV+4 Str+8 Int+3}
 12365 | Slime:5  | Got the Meditations on Entrancing Blasphemous Rites
 12368 | Slime:5  | Identified the +1 cloak of Zuruz {Will++}
 12382 | Slime:5  | Got a slimy rune of Zot
 13024 | D:10     | Found a transporter.
 13028 | D:10     | Noticed Notanamesir's ghost (journeyman OgCA)
 13031 | D:10     | Found a transporter.
 13070 | D:10     | Noticed Harold
 13076 | D:10     | Killed Harold
 13452 | D:11     | Learned a level 3 spell: Mephitic Cloud
 13454 | D:11     | Reached skill level 1 in Polearms
 13457 | D:11     | Learned a level 2 spell: Blink
 13461 | D:11     | Learned a level 3 spell: Gell's Gravitas
 13465 | D:11     | Learned a level 3 spell: Ozocubu's Armour
 13527 | D:11     | Lost mutation: Your gelatinous body deflects attacks. (AC
                  | +3, EV +3) [Jiyva's grace]
 13527 | D:11     | Lost mutation: Your pliable body absorbs attacks. (AC +2,
                  | EV +2) [Jiyva's grace]
 13527 | D:11     | Gained mutation: You have a small jelly attached to you
                  | that may absorb projectiles. [Jiyva's grace]
 13527 | D:11     | Gained mutation: Your spells are a little harder to cast,
                  | but a little more powerful. [Jiyva's grace]
 13527 | D:11     | Gained mutation: Your spells are harder to cast, but more
                  | powerful. [Jiyva's grace]
 13527 | D:11     | Gained mutation: Your spells are much harder to cast, but
                  | much more powerful. [Jiyva's grace]
 13531 | D:11     | Found a staircase to the Orcish Mines.
 14230 | D:12     | You are sucked into a shaft and drop 3 floors!
 14230 | D:15     | Entered Level 15 of the Dungeon
 14493 | D:13     | Noticed Maurice
 14499 | D:13     | Killed Maurice
 14522 | D:13     | Noticed Sonja
 14524 | D:13     | Reached skill level 5 in Polearms
 14525 | D:13     | Killed Sonja
 14606 | D:13     | Found a gate leading to a gauntlet.
 14615 | Gauntlet | Entered a Gauntlet
 14615 | Gauntlet | Found a transporter.
 14622 | Gauntlet | Found a transporter.
 14626 | Gauntlet | Found a transporter.
 14634 | Gauntlet | Found a transporter.
 14638 | Gauntlet | Found a transporter.
 14646 | Gauntlet | Found a transporter.
 14650 | Gauntlet | Found a transporter.
 14658 | Gauntlet | Found a transporter.
 14662 | Gauntlet | Found a transporter.
 14670 | Gauntlet | Found a transporter.
 14701 | Gauntlet | Found a transporter.
 14713 | Gauntlet | Found a transporter.
 14726 | Gauntlet | Found a transporter.
 14739 | Gauntlet | Found a transporter.
 14874 | Gauntlet | Identified the ring of Jalis {rElec Will+++ rCorr Str-2
                  | Stlth+}
 14898 | Gauntlet | Identified the +1 pair of gloves of Insurance {rC+ Dex+3}
 14936 | Gauntlet | Noticed a minotaur
 14946 | Gauntlet | Slimified a minotaur
 14946 | Gauntlet | a minotaur changed into an acid blob
 14946 | Gauntlet | Noticed an acid blob
 14954 | Gauntlet | Got Emyunk's Catalogue of Rank Fire
 15082 | D:13     | Found a gate to the Vaults.
 15082 | D:13     | Noticed an ironbound preserver
 15089 | D:13     | Killed an ironbound preserver
 15161 | D:13     | Reached XP level 14. HP: 110/118 MP: 19/23
 15236 | D:13     | Lost mutation: You have an increased reservoir of magic.
                  | (+10% MP) [Jiyva's grace]
 15236 | D:13     | Lost mutation: Your body has grown eyes which may confuse
                  | attackers. (Acc +3) [Jiyva's grace]
 15236 | D:13     | Lost mutation: You have a small jelly attached to you that
                  | may absorb projectiles. [Jiyva's grace]
 15236 | D:13     | Gained mutation: Your pliable body absorbs attacks. (AC +2,
                  | EV +2) [Jiyva's grace]
 15236 | D:13     | Gained mutation: Your gelatinous body deflects attacks. (AC
                  | +3, EV +3) [Jiyva's grace]
 15236 | D:13     | Gained mutation: Your body has grown eyes which may confuse
                  | attackers. (Acc +3) [Jiyva's grace]
 15236 | D:13     | Gained mutation: Your body has grown many eyes which may
                  | confuse attackers. (Acc +5) [Jiyva's grace]
 16096 | D:14     | Reached skill level 10 in Polearms
 16509 | D:15     | Found a staircase to the Depths.
 16510 | D:15     | Noticed a fire giant
 16522 | D:15     | Killed a fire giant
 17286 | Orc:1    | Entered Level 1 of the Orcish Mines
 17306 | Orc:1    | Noticed an orc warlord
 17316 | Orc:1    | Killed an orc warlord
 17562 | Orc:2    | Entered Level 2 of the Orcish Mines
 17623 | Orc:2    | Found Xeim's Book Emporium.
 17623 | Orc:2    | Found Abouts's Magic Scroll Boutique.
 17625 | Orc:2    | Found Buajoyff's Weapon Emporium.
 17625 | Orc:2    | Found Jutefebixt's Weapon Boutique.
 17636 | Orc:2    | Bought a scroll of identify for 26 gold pieces
 17637 | Orc:2    | Bought a scroll of blinking for 97 gold pieces
 17637 | Orc:2    | Bought a scroll of blinking for 97 gold pieces
 17637 | Orc:2    | Bought a scroll of fear for 52 gold pieces
 17637 | Orc:2    | Bought a scroll of enchant armour for 97 gold pieces
 17637 | Orc:2    | Bought a scroll of teleportation for 39 gold pieces
 17693 | Orc:2    | Lost mutation: You have supernaturally acute eyesight.
                  | (SInv) [Jiyva's grace]
 17693 | Orc:2    | Lost mutation: Your muscles are very strong. (Str +8,
                  | Int/Dex -2) [Jiyva's grace]
 17693 | Orc:2    | Lost mutation: Your spells are much harder to cast, but
                  | much more powerful. [Jiyva's grace]
 17693 | Orc:2    | Lost mutation: Your gelatinous body deflects attacks. (AC
                  | +3, EV +3) [Jiyva's grace]
 17693 | Orc:2    | Lost mutation: Your pliable body absorbs attacks. (AC +2,
                  | EV +2) [Jiyva's grace]
 17693 | Orc:2    | Gained mutation: You are covered in slimy tendrils that may
                  | disarm your opponents. [Jiyva's grace]
 17693 | Orc:2    | Gained mutation: You have a small jelly attached to you
                  | that may absorb projectiles. [Jiyva's grace]
 17693 | Orc:2    | Gained mutation: You have acidic saliva. [Jiyva's grace]
 17693 | Orc:2    | Gained mutation: You are partially covered in large bone
                  | plates. (SH +4) [Jiyva's grace]
 17796 | Orc:2    | Found Seihilad's Weapon Boutique.
 17921 | Orc:2    | Found a staircase to the Elven Halls.
 18163 | Elf:1    | Entered Level 1 of the Elven Halls
 18209 | Elf:1    | Paralysed by an air elemental for 1 turns
 18218 | Elf:1    | Reached XP level 15. HP: 124/124 MP: 13/24
 18221 | Elf:1    | Paralysed by an air elemental for 1 turns
 18447 | Elf:1    | Identified the +10 quarterstaff "Hydra's Doom" {protect,
                  | rF+ Str+5}
 18448 | Elf:1    | Identified the +7 trident of Earthquakes {antimagic, Str+4}
 18733 | Elf:1    | Found an ancient bone altar of Kikubaaqudgha.
 18979 | Elf:2    | Reached skill level 15 in Polearms
 19037 | Elf:2    | Lost mutation: You are very agile. (Dex +8, Str/Int -2)
                  | [Jiyva's grace]
 19037 | Elf:2    | Lost mutation: Your mind is very acute. (Int +8, Str/Dex
                  | -2) [Jiyva's grace]
 19037 | Elf:2    | Lost mutation: Your muscles are strong. (Str +4, Int/Dex
                  | -1) [Jiyva's grace]
 19037 | Elf:2    | Lost mutation: Your translucent skin slightly reduces your
                  | foes' accuracy. (Stealth+) [Jiyva's grace]
 19037 | Elf:2    | Lost mutation: You have a small jelly attached to you that
                  | may absorb projectiles. [Jiyva's grace]
 19037 | Elf:2    | Gained mutation: Your mind is very acute. (Int +8, Str/Dex
                  | -2) [Jiyva's grace]
 19037 | Elf:2    | Gained mutation: You have a small jelly attached to you
                  | that may absorb projectiles. [Jiyva's grace]
 19037 | Elf:2    | Gained mutation: You have supernaturally acute eyesight.
                  | (SInv) [Jiyva's grace]
 19037 | Elf:2    | Gained mutation: Your translucent skin slightly reduces
                  | your foes' accuracy. (Stealth+) [Jiyva's grace]
 19407 | Elf:2    | Found a runed translucent gate.
 19408 | Elf:2    | Found a runed translucent gate.
 19408 | Elf:2    | Found a runed translucent gate.
 19754 | Elf:3    | Entered Level 3 of the Elven Halls
 19921 | Elf:3    | Found Eveamo's Jewellery Emporium.
 20004 | Elf:3    | Noticed a deep elf sorcerer
 20201 | Elf:3    | Noticed a deep elf sorcerer
 20214 | Elf:3    | Killed a deep elf sorcerer
 20247 | Elf:3    | Noticed a deep elf blademaster
 20254 | Elf:3    | Killed a deep elf blademaster
 20273 | Elf:3    | Reached XP level 16. HP: 132/132 MP: 25/25
 20290 | Elf:3    | Identified the amulet of Okawaru, Muttering {Reflect rF++
                  | SH+5}
 20371 | Elf:3    | Noticed a deep elf master archer
 20397 | Elf:3    | Killed a deep elf master archer
 20448 | Elf:3    | Noticed a Tzitzimitl
 20473 | Elf:3    | Noticed a deep elf master archer
 20482 | Elf:3    | Noticed a Brimstone Fiend
 20573 | Elf:3    | Got the Papyrus of Fetching Translocation
 20609 | Elf:3    | Got Sif Muna's Papyrus of Stones
 20679 | Elf:3    | Noticed a deep elf master archer
 20688 | Elf:3    | Killed a deep elf master archer
 20727 | Elf:3    | Killed a deep elf master archer
 20804 | Elf:3    | Got Sif Muna's Codex of Transposition
 20810 | Elf:3    | Identified the +11 shortbow "Hecuuc" {vorpal, rF+ Dex-4
                  | Stlth+}
 20834 | Elf:3    | Got the Volume of Petrous Frostbite
 20835 | Elf:3    | Identified the +6 longbow of Tortfeasance {vorpal, Fly rC++
                  | Dex-4 Stlth+}
 21013 | Elf:3    | Identified the +6 arbalest of Icost {drain, Int+7 Dex-2}
 21349 | Shoals:1 | Reached skill level 10 in Fighting
 21628 | Shoals:1 | Noticed Frances
 21676 | Shoals:1 | Killed Frances
 21785 | Shoals:1 | Noticed Jorgrun
 21807 | Shoals:1 | Killed Jorgrun
 21915 | Shoals:1 | Reached XP level 17. HP: 128/141 MP: 26/26
 22199 | Shoals:2 | Lost mutation: Your mind is very acute. (Int +8, Str/Dex
                  | -2) [Jiyva's grace]
 22199 | Shoals:2 | Lost mutation: Your translucent skin slightly reduces your
                  | foes' accuracy. (Stealth+) [Jiyva's grace]
 22199 | Shoals:2 | Gained mutation: Your tail ends in a venomous barb.
                  | [Jiyva's grace]
 22199 | Shoals:2 | Gained mutation: Your tail ends in a sharp venomous barb.
                  | [Jiyva's grace]
 22199 | Shoals:2 | Gained mutation: Your tail ends in a wickedly sharp and
                  | venomous barb. [Jiyva's grace]
 22199 | Shoals:2 | Gained mutation: You have large cloven feet. [Jiyva's
                  | grace]
 23123 | Shoals:3 | Reached skill level 10 in Dodging
 23142 | Shoals:3 | Noticed a kraken
 23153 | Shoals:3 | Killed a kraken
 23439 | Shoals:4 | Entered Level 4 of the Shoals
 23834 | Shoals:4 | Got a barnacled rune of Zot
 24274 | Shoals:4 | Identified the +6 quarterstaff of Evil {pain, rElec rPois
                  | Int-5}
 24743 | Snake:1  | Found Amaummor's Overcharged Wands.
 24788 | Snake:1  | Lost mutation: You have supernaturally acute eyesight.
                  | (SInv) [Jiyva's grace]
 24788 | Snake:1  | Lost mutation: You are covered in slimy tendrils that may
                  | disarm your opponents. [Jiyva's grace]
 24788 | Snake:1  | Gained mutation: Your flesh is very cold resistant. (rC++)
                  | [Jiyva's grace]
 24788 | Snake:1  | Gained mutation: Your flesh is almost immune to the effects
                  | of cold. (rC+++) [Jiyva's grace]
 24788 | Snake:1  | Gained mutation: Your body is covered in eyes which may
                  | confuse attackers. (Acc +7, SInv) [Jiyva's grace]
 24788 | Snake:1  | Gained mutation: Your natural rate of healing is unusually
                  | fast. [Jiyva's grace]
 25170 | Snake:1  | Noticed Aizul
 25177 | Snake:1  | Killed Aizul
 25724 | Snake:2  | Reached XP level 18. HP: 159/159 MP: 27/27
 26531 | Snake:3  | Reached skill level 1 in Invocations
 26581 | Snake:3  | Reached skill level 2 in Invocations
 26709 | Snake:3  | Reached skill level 3 in Invocations
 26805 | Snake:3  | Reached skill level 15 in Fighting
 26813 | Snake:3  | Reached skill level 4 in Invocations
 26990 | Snake:3  | Lost mutation: Your tail ends in a wickedly sharp and
                  | venomous barb. [Jiyva's grace]
 26990 | Snake:3  | Lost mutation: You are partially covered in large bone
                  | plates. (SH +4) [Jiyva's grace]
 26990 | Snake:3  | Lost mutation: You are agile. (Dex +4, Str/Int -1) [Jiyva's
                  | grace]
 26990 | Snake:3  | Lost mutation: Your mind is acute. (Int +4, Str/Dex -1)
                  | [Jiyva's grace]
 26990 | Snake:3  | Lost mutation: Your flesh is almost immune to the effects
                  | of cold. (rC+++) [Jiyva's grace]
 26990 | Snake:3  | Lost mutation: Your flesh is very cold resistant. (rC++)
                  | [Jiyva's grace]
 26990 | Snake:3  | Lost mutation: Your natural rate of healing is unusually
                  | fast. [Jiyva's grace]
 26990 | Snake:3  | Lost mutation: Your body is covered in eyes which may
                  | confuse attackers. (Acc +7, SInv) [Jiyva's grace]
 26990 | Snake:3  | Lost mutation: Your rubbery body absorbs attacks. (AC +1,
                  | EV +1) [Jiyva's grace]
 26990 | Snake:3  | Gained mutation: Your melee attacks may engulf your foes in
                  | ooze. [Jiyva's grace]
 26990 | Snake:3  | Gained mutation: You are agile. (Dex +4, Str/Int -1)
                  | [Jiyva's grace]
 26990 | Snake:3  | Gained mutation: You are very agile. (Dex +8, Str/Int -2)
                  | [Jiyva's grace]
 26990 | Snake:3  | Gained mutation: You are covered in slimy tendrils that may
                  | disarm your opponents. [Jiyva's grace]
 27159 | Snake:4  | Entered Level 4 of the Snake Pit
 27172 | Snake:4  | Reached skill level 5 in Invocations
 27287 | Snake:4  | Reached skill level 6 in Invocations
 27446 | Snake:4  | Found a radiant altar of Vehumet.
 27446 | Snake:4  | Noticed Vashnia
 27493 | Snake:4  | Killed Vashnia
 27494 | Snake:4  | Reached skill level 7 in Invocations
 27494 | Snake:4  | Reached XP level 19. HP: 137/172 MP: 28/28
 27582 | Snake:4  | Noticed Saint Roka
 27600 | Snake:4  | Slimified Saint Roka
 27600 | Snake:4  | Saint Roka changed into Saint Roka the acid blob
 27600 | Snake:4  | Noticed Saint Roka
 27630 | Snake:4  | Killed Saint Roka the acid blob
 27870 | Snake:4  | Reached skill level 8 in Invocations
 28092 | Snake:4  | Got a serpentine rune of Zot
 28161 | Snake:4  | Noticed Nikola
 28190 | Snake:4  | Killed Nikola
 28336 | Snake:4  | Noticed Agnes
 28345 | Snake:4  | Killed Agnes
 28773 | Lair:3   | Upgraded the game from 0.30-a0-341-g682706514a to
                  | 0.30-a0-347-gf58ed5266c
 28971 | Vaults:1 | Entered Level 1 of the Vaults
 29342 | Vaults:1 | Reached skill level 9 in Invocations
 29408 | Vaults:1 | Lost mutation: You are very agile. (Dex +8, Str/Int -2)
                  | [Jiyva's grace]
 29408 | Vaults:1 | Lost mutation: You are agile. (Dex +4, Str/Int -1) [Jiyva's
                  | grace]
 29408 | Vaults:1 | Lost mutation: Your spells are harder to cast, but more
                  | powerful. [Jiyva's grace]
 29408 | Vaults:1 | Gained mutation: Your rubbery body absorbs attacks. (AC +1,
                  | EV +1) [Jiyva's grace]
 29408 | Vaults:1 | Gained mutation: Your pliable body absorbs attacks. (AC +2,
                  | EV +2) [Jiyva's grace]
 29408 | Vaults:1 | Gained mutation: Your gelatinous body deflects attacks. (AC
                  | +3, EV +3) [Jiyva's grace]
 29408 | Vaults:1 | Gained mutation: You have a pair of small horns on your
                  | head. [Jiyva's grace]
 29968 | Vaults:2 | Reached skill level 10 in Invocations
 30091 | Vaults:2 | Reached skill level 15 in Dodging
 30175 | Vaults:2 | Identified the +6 scale mail "Ygozikk" {rElec Int+6 Dex+3}
 30275 | Vaults:2 | Found a staircase to the Crypt.
 30310 | Vaults:2 | Reached XP level 20. HP: 165/187 MP: 29/29
 30426 | Vaults:2 | You are sucked into a shaft and drop 2 floors!
 30494 | Vaults:4 | Reached skill level 11 in Invocations
 30531 | Vaults:4 | Noticed Xtahua
 30554 | Vaults:4 | Killed Xtahua
 30579 | Vaults:4 | Noticed Boris
 30600 | Vaults:4 | Killed Boris
 31311 | Vaults:4 | Reached skill level 12 in Invocations
 31316 | Vaults:4 | Noticed Bai Suzhen
 31326 | Vaults:4 | Killed Bai Suzhen
 31800 | Vaults:3 | Found Hutul's General Store.
 31804 | Vaults:3 | Bought a scroll of teleportation for 54 gold pieces
 31804 | Vaults:3 | Bought a potion of lignification for 54 gold pieces
 32161 | Vaults:3 | Lost mutation: You have acidic saliva. [Jiyva's grace]
 32161 | Vaults:3 | Lost mutation: Your body has grown many eyes which may
                  | confuse attackers. (Acc +5) [Jiyva's grace]
 32161 | Vaults:3 | Lost mutation: You are covered in slimy tendrils that may
                  | disarm your opponents. [Jiyva's grace]
 32161 | Vaults:3 | Lost mutation: You have a small jelly attached to you that
                  | may absorb projectiles. [Jiyva's grace]
 32161 | Vaults:3 | Gained mutation: Your body has grown many eyes which may
                  | confuse attackers. (Acc +5) [Jiyva's grace]
 32161 | Vaults:3 | Gained mutation: Your body is covered in eyes which may
                  | confuse attackers. (Acc +7, SInv) [Jiyva's grace]
 32161 | Vaults:3 | Gained mutation: Your flesh is heat resistant. (rF+)
                  | [Jiyva's grace]
 32161 | Vaults:3 | Gained mutation: Your flesh is very heat resistant. (rF++)
                  | [Jiyva's grace]
 32843 | Vaults:2 | Reached skill level 13 in Invocations
 33293 | Crypt:1  | Entered Level 1 of the Crypt
 33367 | Crypt:1  | Noticed Grunn
 33367 | Crypt:1  | Noticed a doom hound
 33367 | Crypt:1  | Noticed a doom hound
 33367 | Crypt:1  | Noticed a doom hound
 33371 | Crypt:1  | Noticed a bone dragon
 33380 | Crypt:1  | Noticed a bone dragon
 33472 | Crypt:1  | Killed a doom hound
 33501 | Vaults:2 | Killed a doom hound
 33588 | Vaults:2 | Killed a doom hound
 33644 | Vaults:2 | Killed a bone dragon
 33645 | Vaults:2 | Reached XP level 21. HP: 163/195 MP: 29/31
 33743 | Crypt:1  | Killed Grunn
 33845 | Crypt:1  | Identified the ring of Ditacom {Ice rN+++ Will++ Str-4}
 33845 | Crypt:1  | Noticed Josephina
 33911 | Vaults:2 | Killed Josephina
 34368 | Crypt:1  | Reached skill level 14 in Invocations
 34618 | Crypt:2  | Lost mutation: You have large cloven feet. [Jiyva's grace]
 34618 | Crypt:2  | Lost mutation: You have a pair of small horns on your head.
                  | [Jiyva's grace]
 34618 | Crypt:2  | Lost mutation: Your tail ends in a sharp venomous barb.
                  | [Jiyva's grace]
 34618 | Crypt:2  | Lost mutation: Your flesh is very heat resistant. (rF++)
                  | [Jiyva's grace]
 34618 | Crypt:2  | Lost mutation: Your body is covered in eyes which may
                  | confuse attackers. (Acc +7, SInv) [Jiyva's grace]
 34618 | Crypt:2  | Lost mutation: Your body has grown many eyes which may
                  | confuse attackers. (Acc +5) [Jiyva's grace]
 34618 | Crypt:2  | Gained mutation: You passively dampen the noise of your
                  | surroundings. [Jiyva's grace]
 34618 | Crypt:2  | Gained mutation: You are covered in slimy tendrils that may
                  | disarm your opponents. [Jiyva's grace]
 34618 | Crypt:2  | Gained mutation: You have a pair of small antennae on your
                  | head. [Jiyva's grace]
 34618 | Crypt:2  | Gained mutation: You have a pair of antennae on your head.
                  | [Jiyva's grace]
 34968 | Crypt:2  | Identified the ring of the Orange Skies {AC+4 Str-2 Int+10}
 35346 | Crypt:2  | Noticed Boris
 35353 | Crypt:2  | Killed Boris
 35415 | Crypt:3  | Entered Level 3 of the Crypt
 35630 | Crypt:3  | Noticed a curse toe
 35646 | Crypt:3  | Reached skill level 15 in Invocations
 35706 | Crypt:3  | Killed a curse toe
 35862 | Crypt:3  | Found the +8 Vampire's Tooth {vamp}
 35870 | Crypt:3  | Noticed Boris
 35893 | Crypt:3  | Killed Boris
 35965 | Crypt:3  | Found a staircase to the Tomb.
 36335 | Crypt:3  | Noticed an ancient lich
 36358 | Crypt:3  | Killed an ancient lich
 36401 | Crypt:3  | Got the Incunable of the Undead
 36404 | Crypt:3  | Identified the ring "Matioc" {Contam rF+++ Will+ MP+9
                  | Str-5}
 36407 | Crypt:3  | Identified the +4 dagger "Ymoisawo" {vamp, rElec rN+ Dex+6}
 36442 | Crypt:3  | Reached skill level 16 in Invocations
 36445 | Crypt:3  | Reached XP level 22. HP: 201/209 MP: 34/34
 36814 | Depths:1 | Entered Level 1 of the Depths
 36865 | Depths:1 | Found a sparkling altar of Nemelex Xobeh.
 36915 | Depths:1 | Found Biryifan's Antique Weapon Emporium.
 36918 | Depths:1 | Found Xanines's Armour Shoppe.
 36918 | Depths:1 | Found Piniyrio's Antique Weapon Emporium.
 36921 | Depths:1 | Found Jasor's Antique Armour Shoppe.
 37120 | Depths:1 | Found a one-way gateway to a ziggurat.
 37248 | Depths:1 | Found a gateway to Hell.
 37330 | Depths:1 | Found Fotymebo's Serpentskin Sales.
 37721 | Depths:2 | Lost mutation: You have a pair of antennae on your head.
                  | [Jiyva's grace]
 37721 | Depths:2 | Lost mutation: You are covered in slimy tendrils that may
                  | disarm your opponents. [Jiyva's grace]
 37721 | Depths:2 | Lost mutation: You passively dampen the noise of your
                  | surroundings. [Jiyva's grace]
 37721 | Depths:2 | Gained mutation: Your translucent skin slightly reduces
                  | your foes' accuracy. (Stealth+) [Jiyva's grace]
 37721 | Depths:2 | Gained mutation: Your translucent skin reduces your foes'
                  | accuracy. (Stealth+) [Jiyva's grace]
 37721 | Depths:2 | Gained mutation: Your transparent skin significantly
                  | reduces your foes' accuracy. (Stealth+) [Jiyva's grace]
 37721 | Depths:2 | Gained mutation: You have hidden genetic potential.
                  | [Jiyva's grace]
 37870 | Depths:2 | Identified the +9 quarterstaff "Cugueror" {pain, Str+3}
 37996 | Depths:2 | Reached skill level 17 in Invocations
 38348 | Depths:2 | Identified the +0 ring mail of Creativity {Rampage +Blink}
 38650 | Depths:2 | Found the +9 sword of Zonguldrok {reap}
 38964 | Depths:2 | Found a one-way gate leading to the halls of Pandemonium.
 39111 | Depths:3 | Noticed Boris
 39112 | Depths:3 | Reached skill level 18 in Invocations
 39205 | Depths:3 | Killed Boris
 39512 | Depths:3 | Noticed a royal mummy
 39546 | Depths:3 | Killed a royal mummy
 39620 | Depths:3 | Noticed a royal mummy
 39664 | Depths:3 | Noticed a royal mummy
 39689 | Depths:3 | Killed a royal mummy
 39720 | Depths:3 | Found an iron altar of Okawaru.
 39821 | Depths:3 | Reached XP level 23. HP: 215/215 MP: 36/36
 39846 | Depths:3 | Lost mutation: You have a pair of small antennae on your
                  | head. [Jiyva's grace]
 39846 | Depths:3 | Lost mutation: Your spells are a little harder to cast, but
                  | a little more powerful. [Jiyva's grace]
 39846 | Depths:3 | Lost mutation: Your body has grown eyes which may confuse
                  | attackers. (Acc +3) [Jiyva's grace]
 39846 | Depths:3 | Lost mutation: Your gelatinous body deflects attacks. (AC
                  | +3, EV +3) [Jiyva's grace]
 39846 | Depths:3 | Lost mutation: You have hidden genetic potential. [Jiyva's
                  | grace]
 39846 | Depths:3 | Gained mutation: You have a small jelly attached to you
                  | that senses nearby items. [Jiyva's grace]
 39846 | Depths:3 | Gained mutation: Your natural rate of healing is unusually
                  | fast. [Jiyva's grace]
 39846 | Depths:3 | Gained mutation: You heal very quickly. [Jiyva's grace]
 39846 | Depths:3 | Gained mutation: You regenerate. [Jiyva's grace]
 40195 | Depths:3 | Found a one-way gate to the infinite horrors of the Abyss.
 40311 | Depths:3 | Found the +7 sceptre of Torment {pain, torment}
 40349 | Depths:4 | Entered Level 4 of the Depths
 40349 | Depths:4 | Noticed a caustic shrike
 40349 | Depths:4 | Noticed a caustic shrike
 40349 | Depths:4 | Noticed a caustic shrike
 40349 | Depths:4 | Noticed a caustic shrike
 40349 | Depths:4 | Found a flickering gateway to a bazaar.
 40350 | Depths:4 | Noticed a caustic shrike
 40360 | Depths:3 | Killed a caustic shrike
 40435 | Depths:4 | Killed a caustic shrike
 40437 | Depths:4 | Killed a caustic shrike
 40438 | Depths:4 | Reached skill level 19 in Invocations
 40439 | Depths:4 | Killed a caustic shrike
 40442 | Depths:4 | Killed a caustic shrike
 40470 | Depths:4 | Found Macuy's Antique Armour Emporium.
 40489 | Bazaar   | Entered a bazaar
 40491 | Bazaar   | Found Ezaplorph's Weapon Boutique.
 40495 | Bazaar   | Found Sifyunie's Distillery.
 40495 | Bazaar   | Found Wujiux's Armour Boutique.
 40496 | Bazaar   | Found Yttast Kitry's Jewellery Boutique.
 40506 | Bazaar   | Bought a potion of might for 56 gold pieces
 40506 | Bazaar   | Bought a potion of might for 56 gold pieces
 40506 | Bazaar   | Bought a potion of magic for 112 gold pieces
 40506 | Bazaar   | Bought a potion of haste for 140 gold pieces
 40506 | Bazaar   | Bought a potion of curing for 42 gold pieces
 40506 | Bazaar   | Bought 2 potions of lignification for 84 gold pieces
 40506 | Bazaar   | Bought a potion of curing for 42 gold pieces
 40511 | Bazaar   | Bought the +3 pair of gauntlets of War {Slay+5} for 855
                  | gold pieces
 40511 | Bazaar   | Found the +3 pair of gauntlets of War {Slay+5}
 40826 | Depths:4 | Found Doipram's Antique Weapon Emporium.
 40854 | Depths:4 | Reached skill level 20 in Invocations
 40874 | Depths:4 | Found Qukhlyss's Jewellery Emporium.
 40874 | Depths:4 | Found Nytoz's Book Shop.
 40875 | Depths:4 | Found Udoa's Jewellery Emporium.
 40930 | Depths:4 | Found an opulent altar of Gozag.
 40953 | Depths:4 | Found a large runed translucent door.
 40954 | Depths:4 | Found a large runed translucent door.
 40956 | Depths:4 | Noticed Tyfadda's ghost (adept FeCj)
 41038 | Depths:4 | Killed Tyfadda's ghost
 41058 | Depths:4 | Identified the +5 whip of the Eternal Void {vorpal, Dex+4
                  | Stlth+}
 41154 | Depths:4 | Noticed Boris
 41177 | Depths:4 | Killed Boris
 41266 | Depths:4 | Found a gate to the Realm of Zot.
 41345 | Depths:4 | Reached skill level 21 in Invocations
 41375 | Depths:4 | Killed a royal mummy
 41667 | Depths:3 | Voluntarily entered the Abyss.
 41712 | Abyss:2  | Found a broken altar of Ashenzari.
 41770 | Abyss:2  | Found a transporter.
 41774 | Abyss:2  | Lost mutation: Your tail ends in a venomous barb. [Jiyva's
                  | grace]
 41774 | Abyss:2  | Lost mutation: Your flesh is heat resistant. (rF+) [Jiyva's
                  | grace]
 41774 | Abyss:2  | Lost mutation: You regenerate. [Jiyva's grace]
 41774 | Abyss:2  | Gained mutation: Your tail ends in a venomous barb.
                  | [Jiyva's grace]
 41774 | Abyss:2  | Gained mutation: Your tail ends in a sharp venomous barb.
                  | [Jiyva's grace]
 41774 | Abyss:2  | Gained mutation: Your tail ends in a wickedly sharp and
                  | venomous barb. [Jiyva's grace]
 41774 | Abyss:2  | Gained mutation: You have acidic saliva. [Jiyva's grace]
 41783 | Abyss:2  | Found a corrupted altar of Lugonu.
 41889 | Abyss:3  | Gained mutation: You are frail. (-10% HP) [a neqoxec]
 42021 | Depths:3 | Escaped the Abyss
 42129 | Depths:3 | Voluntarily entered the Abyss.
 42159 | Abyss:3  | Reached skill level 22 in Invocations
 42450 | Abyss:3  | Paralysed by accursed screaming for 2 turns
 42452 | Abyss:3  | HP: 10/289 [starcursed mass/accursed screaming (12)]
 42454 | Abyss:3  | Paralysed by accursed screaming for 2 turns
 42482 | Abyss:3  | Got an abyssal rune of Zot
 42499 | Depths:3 | Escaped the Abyss
 42500 | Depths:3 | that was way too close for comfort
 42870 | Vaults:3 | Bought a scroll of immolation for 72 gold pieces
 42984 | Vaults:5 | Entered Level 5 of the Vaults
 42995 | Vaults:5 | Reached skill level 23 in Invocations
 42995 | Vaults:5 | Reached XP level 24. HP: 133/201 MP: 38/38
 43043 | Vaults:5 | Identified the +10 arbalest "Iceorud" {flame, rF+ Stlth+}
 43074 | Vaults:5 | Lost mutation: You are frail. (-10% HP) [Jiyva's grace]
 43074 | Vaults:5 | Lost mutation: You heal very quickly. [Jiyva's grace]
 43074 | Vaults:5 | Gained mutation: You are agile. (Dex +4, Str/Int -1)
                  | [Jiyva's grace]
 43074 | Vaults:5 | Gained mutation: You are very agile. (Dex +8, Str/Int -2)
                  | [Jiyva's grace]
 43074 | Vaults:5 | Gained mutation: You have a small jelly attached to you
                  | that may absorb projectiles. [Jiyva's grace]
 43074 | Vaults:5 | Gained mutation: Your mind is acute. (Int +4, Str/Dex -1)
                  | [Jiyva's grace]
 43184 | Vaults:5 | Noticed an ancient lich
 43194 | Vaults:5 | Killed an ancient lich
 43195 | Vaults:5 | Reached skill level 24 in Invocations
 43330 | Vaults:5 | Noticed a dread lich
 43340 | Vaults:5 | Killed a dread lich
 43394 | Vaults:5 | Noticed an ancient lich
 43431 | Vaults:5 | Identified the +11 mace "Dewneg" {venom, Fragile rElec
                  | Will+}
 43433 | Vaults:5 | Identified the +7 short sword of Fammuh {venom, Str+4 Int+4
                  | Dex-3}
 43459 | Vaults:5 | Killed an ancient lich
 43519 | Vaults:5 | Reached skill level 25 in Invocations
 43537 | Vaults:5 | Shot with a bolt by a yaktaur captain

Illustrated notes

#####################
....................#
###################.#
###################.#
................@...#
.............########
.#...........#
...........J#####
.~..............#
.~..~~#####.###.#
.~..~.......# #.#
.#..~.####..# #.#
....~.##
#..###.########


Turn 42500 on Depths:3: that was way too close for comfort

Levels and vault maps discovered:
D:1:      nzn_arrival_water_spiral, layout_loops_cross,
          ebering_ecumenical_altar_sacrificial, minmay_unequal
D:2:      layout_rooms, basic_altar, uniq_natasha
D:3:      layout_basic, nicolae_sif_muna_little_library, hex_large,
          uniq_grinder, uniq_terence
D:4:      layout_basic, grunt_temple_overflow_growth_and_decay, minivault_1,
          uniq_eustachio
D:5:      layout_basic, ashenzari_altar_1, minmay_temple_entry_junction,
          lightli_sewer_entry_pipes, minmay_between
D:6:      layout_cave_pools, serial_gnoll_camp, gnoll_camp_medium_02,
          gnoll_camp_mini_loothouse, gnoll_camp_mini_shop, gnoll_camp_mini_shop,
          gnoll_camp_mini_house
D:7:      layout_loops_ring, nicolae_hepliaklqana_monster_ancestors,
          nicolae_overflow_hidden_temple, grunt_ministairs_15,
          minmay_alternating_orb
D:8:      layout_cave_pools, mainiacjoe_overflow_alcove_4,
          grunt_lair_entry_orc_guard_hut, uniq_psyche, uniq_erica, uniq_maggie
D:9:      layout_small_grid, hangedman_ru_absence,
          nicolae_dithmenos_shadow_blocks, enter_bailey_5, solitary_fountain,
          minmay_st_funbox, nicolae_blasting_shop, uniq_prince_ribbit1,
          uniq_pikel
D:10:     layout_cave_pods, gammafunk_ghost_arena, grunt_ogre_cave, uniq_harold
D:11:     layout_stronghold, orc_0_dummy
D:12:     layout_roguey
D:13:     cheibrodos_quadrivalence, layout_long_grid,
          skrybe_vaults_entry_preservation, gauntlet_entry_generic,
          uniq_maurice, uniq_sonja
D:14:     layout_roguey, serial_park_avenue1, grunt_decor_resistance,
          grunt_decor_junction
D:15:     grunt_enter_depths_giant_problem, layout_stronghold, nrook_uturn
Lair:1:   layout_gridlike, serial_bayou_shore_b
Lair:2:   layout_long_grid, elwin_shoals_entry_rocks, grunt_megastairs_4,
          serial_bayou_shore_b
Lair:3:   layout_layer_cave, dummy_snake_entry, serial_bayou_shore_a,
          grunt_megastairs_2, uniq_urug
Lair:4:   layout_misc_corridors, dpeg_slime_entry_corner
Shoals:1: layout_shoals, uniq_jorgrun, uniq_frances
Shoals:2: layout_shoals, nicolae_shoals_circle_sea_wall
Shoals:3: cheibrodos_shoals_roost, layout_shoals
Shoals:4: shoals_end_hangedman, layout_shoals
Snake:1:  layout_grid_maze, nicolae_shop_overcharged_wands, uniq_aizul
Snake:2:  layout_gridlike, grunt_megastairs_5
Snake:3:  layout_misc_corridors
Snake:4:  snake_pit, layout_cave_town, basic_altar, st_stairs_3,
          nicolae_snake_slithery_corners, nicolae_snake_salamander_zone,
          uniq_vashnia, uniq_agnes, uniq_saint_roka, uniq_nikola
Slime:1:  layout_caves
Slime:2:  layout_caves
Slime:3:  layout_caves
Slime:4:  layout_caves, cheibrodos_slime_lost_civilization_6
Slime:5
Orc:1:    layout_caves, basic_altar
Orc:2:    grunt_orc_tribal_feast, layout_caves, serial_shops,
          nicolae_shop_bloodbath_and_beyond
Elf:1:    layout_loops_corners, basic_altar, kennysheep_underground_church
Elf:2:    nicolae_elf_blades_crystal_corner, layout_loops_corners
Elf:3:    nooodl_elf_gasket, layout_geoelf_octagon, serial_shops, shop
Vaults:1: nicolae_vaults_little_squares_1, nicolae_vaults_shelves_hall,
          dpeg_vaults_monster_box, nicolae_vaults_ninety_degrees,
          dpeg_vaults_hating_casters, vaults_room_stairs_pillars,
          nicolae_vaults_theta, v_alt_pattern_1, layout_vaults_omnigrid
Vaults:2: minmay_crypt_entry_simple_plaza, v_rooms_1, special_room_vaults
          [special_room_orc], hangedman_vaults_snaps, v_misc_15,
          vaults_room_stairs_pillars, v_pattern_5,
          nicolae_vaults_little_squares_6, layout_vaults_big_room
Vaults:3: v_misc_22, v_pattern_2, ontoclasm_vaults_idyll, vaults_mumra_chevron,
          nicolae_vaults_ring_of_whatevers, v_rooms_5, v_misc_24,
          nicolae_vaults_ring_of_whatevers, v_misc_3, grunt_vaults_funnel,
          nicolae_vaults_holding_cells, v_misc_15, ontoclasm_vaults_fault,
          layout_vaults_ring, serial_shops, shop
Vaults:4: ontoclasm_vaults_tryst, hangedman_vaults_stitches, st_lines,
          nicolae_vaults_little_squares_1, v_misc_30, v_misc_4,
          hangedman_vaults_locks, v_pattern_1, nicolae_vaults_shelves_hall,
          ontoclasm_vaults_loading_screen, grunt_vaults_hallway_long,
          dpeg_vaults_monster_row, layout_vaults_omnibox, uniq_bai_suzhen,
          uniq_boris, uniq_xtahua
Vaults:5
Crypt:1:  layout_basic, amcnicky_mini_rare_corridor_liquid,
          roderic_lattice_octagonal_star, grunt_crypt_arrival_guarded_gate,
          uniq_josephina, uniq_grunn
Crypt:2:  layout_gridlike, lemuel_upstairs_altar, grunt_megastairs_1
Crypt:3:  david_glass_crypt, layout_basic, tomb_entry_simple_bobbens
Depths:1: layout_gridlike, enter_ziggurat_c, lightli_too_deep,
          nemelex_lonely_heart_becter, skrybe_limestone_x, guppyfry_shop_venom,
          serial_bayou_shore_b, minmay_shoptagon
Depths:2: nicolae_cairo_tiling_very_big, layout_honeycomb, hellmouth_1,
          hangedman_decor_points, rand_demon_pan_entry_9, minmay_serpent_palace
Depths:3: minmay_guarded_unrand_sceptre_of_torment, layout_basic,
          okawaru_ov_weapons_minmay, hangedman_coc_ice_floe, abyss_entry,
          uniq_margery
Depths:4: grunt_zot_entry_gee_three, layout_cave_shapes, serial_shops,
          freezing_bzr, shop, nicolae_shop_crystal, hell_entry,
          nicolae_gozag_cash_rules_everything_around_me,
          ebering_ghost_disaster_area, grunt_pan_entry_sceptre,
          minmay_shop_grove

Skill      XL: |  1  2  3  4  5  6  7  8  9 10 11 12 13 14 15 16 17 18 19 20 21 22 23 24 |
---------------+-------------------------------------------------------------------------+-----
Conjurations   | 2 3 4 5 6 7 8 |  8.4
Spellcasting   | 4 5 6 |  6.6
Fighting       | 4 7 9 10 13 16 17 19 20 | 20.0
Dodging        | 4 6 8 9 12 13 15 16 18 19 20 | 20.0
Transmutations | 3 6 8 |  8.6
Air Magic      | 3 6 8 |  8.6
Poison Magic   | 3 8 11 12 | 12.6
Polearms       | 7 13 17 20 | 20.0
Invocations    | 7 10 13 16 18 23 25 | 25.1
Stealth        | |  1.7
Summonings     | |  1.0
Translocations | |  1.0

Action                   |  1- 3 |  4- 6 |  7- 9 | 10-12 | 13-15 | 16-18 | 19-21 | 22-24 || total
-------------------------+-------+-------+-------+-------+-------+-------+-------+-------++-------
Melee: Dagger            |    26 |    17 |       |       |       |       |       |       ||    43
       Tailslap          |     5 |    25 |    55 |    98 |    59 |    81 |   233 |   244 ||   800
       Quarterstaff      |       |    92 |   327 |   426 |    20 |       |       |       ||   865
       Glaive            |       |       |       |       |   431 |   785 |  1265 |  1282 ||  3763
       Bite              |       |       |       |       |    17 |    74 |    79 |    69 ||   239
       Headbutt          |       |       |       |       |       |       |   213 |       ||   213
 Cast: Magic Dart        |    39 |    30 |     8 |    83 |       |       |       |       ||   160
       Olgreb's Toxic Ra |       |       |       |    63 |    75 |   102 |     6 |     2 ||   248
       Gell's Gravitas   |       |       |       |       |       |     1 |       |       ||     1
Invok: Oozemancy         |       |     1 |    10 |     4 |     3 |     4 |     3 |       ||    25
       Slimify           |       |       |       |       |     1 |       |     1 |     1 ||     3
 Abil: Breathe Frost     |       |       |     8 |    37 |     3 |     2 |     2 |     1 ||    53
Evoke: Wand              |       |       |       |     9 |     4 |     1 |     2 |       ||    16
       Phial of floods   |       |       |       |       |       |       |     1 |       ||     1
  Use: Scroll            |       |     1 |     4 |     9 |    13 |     9 |     6 |     7 ||    49
       Potion            |       |       |     1 |     2 |     1 |       |     4 |    15 ||    23
 Stab: Sleeping          |     1 |     4 |     1 |     2 |    18 |    11 |    14 |     9 ||    60
       Confused          |       |     4 |     7 |    11 |     2 |    10 |    19 |       ||    53
       Distracted        |       |     1 |     1 |     1 |     5 |    29 |    42 |    49 ||   128
Armor: Skin              |    10 |    40 |   125 |   147 |   140 |   139 |   223 |   332 ||  1156
Dodge: Dodged            |    13 |    76 |   271 |   522 |   365 |   375 |   607 |   795 ||  3024
Block: Other             |       |       |       |       |    11 |   156 |   125 |   168 ||   460
       Reflection        |       |       |       |       |       |    31 |    12 |     8 ||    51

Table legend: (Time is in decaauts)
 A = Elapsed time spent in this place.
 B = Non-inter-level travel time spent in this place.
 C = Inter-level travel time spent in this place.
 D = Time resting spent in this place.
 E = Time spent auto-exploring this place.
 F = Levels seen in this place.
 G = Mean time per level.
                   A        B        C        D        E       F      G
               +--------+--------+--------+--------+--------+-----+--------+
         Total |  43002 |  39107 |   3895 |   2546 |  24223 |  57 |  754.4 |
       Dungeon |  12060 |  10820 |   1240 |    106 |   7588 |  15 |  804.0 |
          Lair |   4261 |   3600 |    661 |    192 |   2536 |   4 | 1065.2 |
        Shoals |   3191 |   3045 |    146 |     93 |   2148 |   4 |  797.8 |
     Snake Pit |   4582 |   4333 |    249 |    766 |   2212 |   4 | 1145.5 |
    Slime Pits |    576 |    393 |    183 |      0 |    242 |   5 |  115.2 |
  Orcish Mines |    908 |    840 |     68 |      4 |    687 |   2 |  454.0 |
   Elven Halls |   2960 |   2730 |    230 |     91 |   1546 |   3 |  986.7 |
        Vaults |   5435 |   4746 |    689 |    595 |   2793 |   5 | 1087.0 |
         Crypt |   2826 |   2686 |    140 |    209 |   1545 |   3 |  942.0 |
        Depths |   4778 |   4493 |    285 |    475 |   2641 |   4 | 1194.5 |
         Abyss |    653 |    653 |      0 |      0 |      0 |   4 |  163.2 |
        Bazaar |     42 |     42 |      0 |      0 |     27 |   1 |   42.0 |
         Sewer |     88 |     88 |      0 |      0 |     14 |   1 |   88.0 |
        Bailey |    266 |    266 |      0 |      0 |    114 |   1 |  266.0 |
      Gauntlet |    371 |    371 |      0 |     13 |    130 |   1 |  371.0 |
               +--------+--------+--------+--------+--------+-----+--------+

Top non-repeatable levels by time:
 Snake:1: 1472 daAuts
 Snake:4: 1455 daAuts
Vaults:2: 1384 daAuts
Depths:2: 1375 daAuts
   Elf:3: 1355 daAuts
Depths:3: 1347 daAuts
Vaults:4: 1319 daAuts
  Lair:3: 1312 daAuts
Vaults:3: 1278 daAuts
 Crypt:3: 1155 daAuts
Depths:4: 1146 daAuts
  Lair:1: 1096 daAuts
    D:13: 1088 daAuts
 Snake:2: 1027 daAuts
    D:10: 1025 daAuts
